 Dungeon Crawl Stone Soup version 0.25.0-9-g26727b657a (webtiles) character file.

Game seed: 11125136838203898353

42 Esekla the Slasher (level 3, 0/33 HPs)
             Began as a Naga Skald on June 18, 2020.
             Slain by an adder (2 damage)
             ... on level 2 of the Dungeon.
             The game lasted 00:05:56 (877 turns).

Esekla the Slasher (Naga Skald)                      Turns: 877, Time: 00:05:56

Health: 0/33       AC:  2    Str: 13    XL:     3   Next: 56%
Magic:  6/6        EV:  9    Int: 14    God:
Gold:   22         SH:  0    Dex: 10    Spells: 1/6 levels left

rFire    + . .     SeeInvis +   a - +0 falchion
rCold    . . .     Gourm    .   (no shield)
rNeg     . . .     Faith    .   b - +0 leather armour
rPois    +         Spirit   .   (no helmet)
rElec    .         Reflect  .   (no cloak)
rCorr    .         Harm     .   (no gloves)
MR       .....                  (no barding)
Stlth    +.........             (no amulet)
HPRegen  0.11/turn              g - ring of protection from fire
MPRegen  0.10/turn              (no ring)

@: mighty, lethally poisoned (0 -> -3), very slow
A: large, see invisible, deformed body, poison resistance, slowness 2, slow
metabolism 1, spit poison 1, AC +1
a: Spit Poison


You were on level 2 of the Dungeon.
You were not hungry.

You visited 1 branch of the dungeon, and saw 2 of its levels.

You collected 22 gold pieces.

Inventory:

Hand Weapons
 a - a +0 falchion (weapon)
 j - a +0 short sword
Armour
 b - a +0 leather armour (worn)
Jewellery
 g - a ring of protection from fire (left hand)
Scrolls
 e - a scroll of noise {unknown}
 f - a scroll of teleportation {unknown}
 h - a scroll of immolation {unknown}
 i - 4 scrolls of remove curse {unknown}
Comestibles
 d - 2 rations


   Skills:
 * Level 2.4 Fighting
 * Level 3.1 Long Blades
 - Level 0.7 Armour
 + Level 1.9 Dodging
 + Level 2.1 Spellcasting
 - Level 3.0 Charms


You had one spell level left.
You knew the following spells:

 Your Spells              Type           Power        Failure   Level  Hunger
a - Infusion              Chrm           #...         9%          1    ##.....
b - Shroud of Golubria    Chrm/Tloc      #.....       24%         2    ###....
c - Song of Slaying       Chrm           #.......     13%         2    ###....

Your spell library contained the following spells:

 Spells                   Type           Power        Failure   Level  Hunger
 Ozocubu's Armour         Chrm/Ice       #.......     43%         3    ####...
 Spectral Weapon          Hex/Chrm       #.......     43%         3    ####...


Dungeon Overview and Level Annotations

Branches:
Dungeon (2/15)

Altars:


Innate Abilities, Weirdness & Mutations

You cannot wear boots.
Your serpentine skin is tough. (AC +1)
You have supernaturally acute eyesight. (SInv)
Armour fits poorly on your strangely shaped body.
Your system is resistant to poisons. (rPois)
You cover ground very slowly.
You have a slow metabolism.
You can spit poison.


Message History

The adder bites you. x2
You are poisoned.
The adder poisons you!
You completely miss the adder.
The adder is heavily wounded.
You feel sick. The adder bites you.
* * * LOW HITPOINT WARNING * * *
The adder barely misses you.
You closely miss the adder.
The adder is heavily wounded.
You feel sick. The adder bites you.
* * * LOW HITPOINT WARNING * * *
You miss the adder.
The adder is moderately wounded.
The adder barely misses you. The adder bites you.
* * * LOW HITPOINT WARNING * * *
It was a potion of might.
You feel very mighty all of a sudden. The adder bites you.
You die...

# #
####################
.'..#..#..#[.##.@Sg#
.##†##.##(..##..##...#
..#..#..#..##....#.?##
..##.##...##.....##...
...#..#.†##.......#..##
...##...##........##g#
#...#..##......#...#..
#...####......##...##.#
##...##......## #...#


You could see an adder and a hobgoblin.

Vanquished Creatures
  2 oozes (D:1)
  A worm (D:2)
  4 dart slugs (D:1)
  3 bats
  2 giant cockroaches
  2 goblins (D:1)
  2 hobgoblins (D:1)
  5 kobolds
  A frilled lizard (D:1)
  3 rats (D:1)
25 creatures vanquished.

Notes
Turn   | Place    | Note
-------+----------+-------------------------------------------
     0 | D:1      | Esekla the Naga Skald began the quest for the Orb.
     0 | D:1      | Reached XP level 1. HP: 19/19 MP: 3/3
   170 | D:1      | Reached XP level 2. HP: 24/26 MP: 5/5
   346 | D:1      | Reached XP level 3. HP: 18/33 MP: 6/6
   365 | D:1      | Learned a level 2 spell: Shroud of Golubria
   368 | D:1      | Learned a level 2 spell: Song of Slaying
   877 | D:2      | Slain by an adder

Illustrated notes

Levels and vault maps discovered:
D:1:      kilobyte_arrival_exit_the_forest, layout_basic
D:2:      minmay_razor_zed, layout_basic, nicolae_overflow_hidden_temple,
          minmay_unequal

Skill      XL: |  1  2  3 |
---------------+----------+-----
Long Blades    | 3 |  3.1
Fighting       | |  2.4
Armour         | |  0.7
Dodging        | |  1.9
Spellcasting   | |  2.1
Charms         | |  3.0

Action                   || total
-------------------------++-------
Melee: Falchion          ||    84
 Abil: Spit Poison       ||     8
  Use: Potion            ||     1
Armor: Leather armour    ||    31
Dodge: Dodged            ||    52
       Rpst.: Falchion   ||    14
